 Dungeon Crawl Stone Soup version 0.24.0-13-gcf9b319 (webtiles) character file.

Game seed: 18439504697536827548, levelgen mode: deterministic

181 Fang the Covered (level 5, 0/34 HPs)
             Began as a Gargoyle Fighter on Dec 19, 2019.
             Slain by an orc priest
             ... wielding a +0 trident
              (1 damage)
             ... on level 3 of the Dungeon.
             The game lasted 00:02:55 (1607 turns).

Fang the Covered (Gargoyle Fighter)                 Turns: 1607, Time: 00:02:56

Health: 0/34       AC: 13    Str: 29    XL:     5   Next: 61%
Magic:  5/5        EV:  8    Int:  9    God:
Gold:   129        SH: 11    Dex: 12    Spells: 4/4 levels left

rFire    . . .     SeeInvis .   a - +0 war axe
rCold    . . .     Gourm    .   B - +1 shield
rNeg     + . .     Faith    .   b - +0 scale mail
rPois    ∞         Spirit   .   (no helmet)
rElec    +         Reflect  .   i - +1 cloak
rCorr    .         Harm     .   (no gloves)
MR       .....                  (no boots)
Stlth    ..........             (no amulet)
HPRegen  0.11/turn              h - +4 ring of strength
MPRegen  0.09/turn              p - +3 ring of dexterity

@: mighty
A: negative energy resistance 1, electricity resistance, unbreathing,
petrification resistance, rot immunity, AC +4
a: no special abilities


You were on level 3 of the Dungeon.
You were not hungry.

You visited 1 branch of the dungeon, and saw 3 of its levels.

You collected 129 gold pieces.

Inventory:

Hand Weapons
 a - a +0 war axe (weapon)
Armour
 b - a +0 scale mail (worn)
 i - a +1 cloak (worn)
 B - a +1 shield (worn)
Jewellery
 h - a +4 ring of strength (left hand)
 p - a +3 ring of dexterity (right hand)
Scrolls
 f - a scroll of remove curse {unknown}
Potions
 e - 2 potions of lignification {unknown}
 g - a potion of brilliance {unknown}
 k - a potion of curing {unknown}
 l - 2 potions of heal wounds {unknown}
 m - 2 potions of invisibility {unknown}
 n - a potion of berserk rage {unknown}
 o - a potion of mutation {unknown}
Comestibles
 c - 7 rations
 j - 20 chunks of flesh


   Skills:
 + Level 4.3 Fighting
 + Level 2.9 Axes
 + Level 4.4 Armour
 + Level 4.4 Shields


You had 4 spell levels left.
You didn't know any spells.
Your spell library was empty.

Dungeon Overview and Level Annotations

Branches:
Dungeon (3/15)

Altars:


Innate Abilities, Weirdness & Mutations

You are resistant to torment.
Your stone body is resilient. (AC +4)
You are immune to poison.
You resist negative energy. (rN+)
You are resistant to electric shocks. (rElec)
You can survive without breathing.
You are immune to petrification.
You are immune to rotting.


Message History

The orc priest is severely wounded.
You slash the orc!
You kill the orc!
The orc priest hits you but does no damage.
You block the orc priest's attack.
The orc priest hits you but does no damage.
You slash the orc priest!
You kill the orc priest!
The orc priest mumbles some strange prayers to Beogh against you.
Beogh smites you!
* * * LOW HITPOINT WARNING * * *
The orc priest begins to cast a cantrip, but forgets the words!
Things that are here:
a +0 war axe; an orc corpse You feel very mighty all of a sudden.
You block the orc priest's attack.
You slash the orc priest!
The orc priest is heavily wounded.
The orc priest hits you with a +0 trident.
You die...

###### <.÷..# ##. .... #
).÷..# # .. ... .#
.....# #. #.#..# ..#
......# #.##..#.##...
...##.#####.............
...................#....
.###.......%...††o#.....
................@.......
.... #.........)).##.##.
.....#............##.
.....#.............?..
<....#.......#####.#.#
.............#####...#
...# ##.#.........##.#
...# #.#.).......# .#
...#.##.#.†.......# #


You could see an orc priest.

Vanquished Creatures
  An orc priest (D:3)
  Natasha (D:3)
  4 adders (D:2)
  4 worms (D:2)
  3 dart slugs
  3 leopard geckos
  7 orcs (D:3)
  4 giant cockroaches
  4 goblins
  A hobgoblin (D:1)
  7 jackals
  7 kobolds
  7 bats
  7 frilled lizards (D:1)
  8 rats
68 creatures vanquished.

Notes
Turn   | Place    | Note
-------+----------+-------------------------------------------
     0 | D:1      | Fang the Gargoyle Fighter began the quest for the Orb.
     0 | D:1      | Reached XP level 1. HP: 14/14 MP: 1/1
    85 | D:1      | Reached XP level 2. HP: 13/19 MP: 2/2
   374 | D:1      | Reached XP level 3. HP: 24/24 MP: 3/3
   856 | D:2      | Reached XP level 4. HP: 2/29 MP: 4/4
  1538 | D:3      | Noticed Natasha
  1542 | D:3      | Killed Natasha
  1542 | D:3      | Reached XP level 5. HP: 30/33 MP: 5/5
  1604 | D:3      | HP: 1/34 [orc priest/divine providence (16)]
  1607 | D:3      | Slain by an orc priest

Levels and vault maps discovered:
D:1:      dpeg_arrival_pond, layout_loops_corners
D:2:      layout_rooms
D:3:      layout_basic, nicolae_overflow_hidden_temple, first_ration,
          hangedman_abyss_or_decor_lesser_grid, uniq_grinder, uniq_natasha

Skill      XL: |  1  2  3  4 |
---------------+-------------+-----
Axes           | 2 |  2.9
Armour         | 4 |  4.4
Fighting       | 4 |  4.3
Shields        | 4 |  4.4

Action                   |  1- 3 |  4- 6 || total
-------------------------+-------+-------++-------
Melee: War axe           |   139 |    68 ||   207
  Use: Scroll            |       |     4 ||     4
       Potion            |       |     1 ||     1
  Eat: Chunk             |       |     3 ||     3
Armor: Scale mail        |    80 |    34 ||   114
Dodge: Dodged            |    55 |    13 ||    68
Block: Shield            |    74 |    55 ||   129
